AoeStats
← Fideos+Salsa

Arabia

509970926Analyzed
1v1 RM · 3d ago on Sep 28, 2026· 56m 13s· 2 players
Game mode
Random Map
Map size
Tiny (2 player)
Population
200
Speed
Normal
Resources
Standard
Victory
Conquest
Starting age
Dark Age
Ending age
Imperial Age
RankedLock teamsTeams togetherTeam positionsShared explorationLock speedFull tech treeHidden civsTurbo modeCheats
Victory
Defeat
🇺🇸 Magyars · United States
591
+17
🇨🇱 Byzantines · Chile
619
-22
Bredward
6:18 Loom
9:12 Feudal Age
16:16 Bloodlines
22:38 Castle Age
22:30 Fletching
22:28 Double-Bit Axe
22:28 Horse Collar
23:26 Thumb Ring
25:28 Gold Mining
25:28 Stone Mining
25:58 Husbandry
29:49 Bow Saw
35:29 Bodkin Arrow
36:20 Corvinian Army
37:25 Ballistics
44:59 Scale Barding Armor
44:55 Padded Archer Armor
45:35 Wheelbarrow
45:52 Murder Holes
48:58 Imperial Age
53:06 Bracer
53:27 Chain Barding Armor
53:23 Leather Archer Armor
54:12 Chemistry
Fideos+Salsa
0:38 Loom
12:59 Feudal Age
13:30 Double-Bit Axe
20:47 Horse Collar
22:18 Wheelbarrow
30:35 Castle Age
29:00 Arson
31:57 Bow Saw
34:47 Squires
35:21 Heavy Plow
37:12 Husbandry
37:21 Gold Mining
37:22 Stone Mining
37:58 Hand Cart
38:36 Pikeman
44:49 Gold Shaft Mining
48:07 Imperial Age
53:47 Scale Mail Armor
53:59 Forging
54:05 Scale Barding Armor
54:03 Padded Archer Armor
Connection lost

Rejoining the realm…

Still unreachable

The connection could not be restored.

Session expired

The server has moved on; the page needs a fresh start.